 Dungeon Crawl Stone Soup version 0.20.1-1-g8b1a95d66d (webtiles) character file.

84 Gargoyl the Skirmisher (level 4, 0/38 HPs)
             Began as a Centaur Abyssal Knight on Dec 2, 2017.
             Was a Follower of Lugonu.
             Slain by Sigmund
             ... wielding a +2 scythe of venom
              (11 damage)
             ... on level 3 of the Dungeon.
             The game lasted 00:05:18 (3038 turns).

Gargoyl the Skirmisher (Centaur Abyssal Knight)     Turns: 3038, Time: 00:05:19

Health: 0/38       AC:  6    Str: 14    XL:     4   Next: 23%
Magic:  5/5        EV:  4    Int: 11    God:    Lugonu [*.....]
Gold:   162        SH:  7    Dex: 10    Spells: 3/3 levels left

rFire    + . .     SeeInvis .   a - +1 hand axe
rCold    . . .     Gourm    .   e - +0 shield
rNeg     . . .     Faith    .   f - +0 scale mail
rPois    .         Spirit   .   (no helmet)
rElec    .         Reflect  .   (no cloak)
rCorr    .         Harm     .   (no gloves)
MR       .....                  (no barding)
Stlth    ..........             (no amulet)
Regen    0.2/turn               (no ring)
MPRegen  0.1/turn               (no ring)

@: lethally poisoned (0 -> -8), very quick
A: hooves 3, deformed body, fire resistance 1, speed 2, screaming 1, tough skin
3
a: Depart the Abyss, Renounce Religion


You were on level 3 of the Dungeon.
You worshipped Lugonu.
Lugonu was aware of your devotion.
You were not hungry.

You visited 1 branch of the dungeon, and saw 3 of its levels.
You visited the Abyss 1 time.

You collected 162 gold pieces.

Inventory:

Hand Weapons
 a - a +1 hand axe (weapon)
Armour
 b - a +0 leather armour
 e - a +0 shield (worn)
 f - a +0 scale mail (worn)
Wands
 d - a wand of random effects (47/48)
Scrolls
 l - 2 scrolls of identify
Potions
 g - a potion of degeneration {unknown}
 i - a potion of lignification {unknown}
 m - 2 potions of berserk rage {unknown}
 n - a potion of heal wounds {unknown}
 p - a potion of curing {unknown}
Comestibles
 c - 3 bread rations
 h - 3 fruits
 j - 2 meat rations
 q - 4 chunks of flesh


   Skills:
 + Level 3.5 Fighting
 + Level 2.3 Axes
 * Level 2.2 Armour
 + Level 0.9 Dodging
 + Level 0.4 Shields
 * Level 2.4 Invocations


You had 3 spell levels left.
You didn't know any spells.

Dungeon Overview and Level Annotations

Branches:
Dungeon (3/15)

Altars:

Annotations:
D:3 Sigmund


Innate Abilities, Weirdness & Mutations

You have hooves in place of feet.
Armour fits poorly on your strangely shaped body.
You cover ground very quickly.
You have extremely tough skin. (AC +3)
Your flesh is heat resistant. (rF+)
You occasionally shout uncontrollably at your foes.


Message History

Sigmund hits you with a scythe of venom.
You hit Sigmund.
Sigmund is lightly wounded.
Sigmund casts a spell.
Sigmund flickers and vanishes!
Deactivating autopickup; reactivate with Ctrl-A.
You hit something.
You hear some strange, mumbled words.
A magic dart appears from out of thin air!
The magic dart hits you!
Your shield and scale mail prevent you from hitting something.
You kick something! Something hits you!
Your magical contamination has completely faded away.
Your shield and scale mail prevent you from hitting something.
Your kick misses something. Something hits you.
You are poisoned.
You barely miss something.
* * * LOW HITPOINT WARNING * * *
You feel sick. Something hits you!
You die...

# ###
#######.###########.#
......#.........@{..#
#####.#.###########.#
# #.#.# # #.#.# #
#.#.# # #.#.# # #.#.#
# #.#.# # #.#.#


There were no monsters in sight!

Vanquished Creatures
  2 gnolls
  An adder (D:2)
  An ooze (D:2)
  3 worms
  A dart slug (D:2)
  2 ball pythons
  A giant cockroach (D:2)
  3 hobgoblins
  7 bats
  4 frilled lizards
  8 goblins
  5 kobolds
  5 rats
43 creatures vanquished.

Notes
Turn   | Place    | Note
-------+----------+-------------------------------------------
     0 | Abyss:1  | Gargoyl the Centaur Abyssal Knight began the quest for the Orb.
     0 | Abyss:1  | Reached XP level 1. HP: 19/19 MP: 2/2
    34 | Abyss:2  | Gained mutation: You are clumsy. (Dex -2) [potion of mutation]
    34 | Abyss:2  | Lost mutation: You are clumsy. (Dex -2) [potion of mutation]
    34 | Abyss:2  | Gained mutation: You occasionally shout uncontrollably at your foes. [potion of mutation]
    34 | Abyss:2  | Gained mutation: Your flesh is heat resistant. (rF+) [potion of mutation]
    79 | Abyss:2  | Noticed a crimson imp
    80 | Abyss:2  | Noticed a starcursed mass
    81 | D:1      | Escaped the Abyss
   489 | D:1      | Reached XP level 2. HP: 26/26 MP: 3/3
   881 | D:2      | Reached * piety under Lugonu
  1001 | D:2      | Reached XP level 3. HP: 19/31 MP: 4/4
  2303 | D:2      | Reached XP level 4. HP: 38/38 MP: 5/5
  3029 | D:3      | Noticed Sigmund
  3038 | D:3      | Slain by Sigmund

Skill      XL: |  1  2  3 |
---------------+----------+-----
Axes           | 2 |  2.3
Armour         | 2 |  2.2
Fighting       | |  3.5
Dodging        | |  0.9
Shields        | |  0.4
Invocations    | |  2.4

Action                   |  1- 3 |  4- 6 || total
-------------------------+-------+-------++-------
Melee: Hand axe          |    85 |    41 ||   126
       Kick              |    19 |     9 ||    28
Invok: Depart the Abyss  |     1 |       ||     1
Evoke: Wand              |     1 |       ||     1
  Use: Scroll            |     3 |     3 ||     6
       Potion            |     1 |       ||     1
  Eat: Chunk             |     2 |     3 ||     5
Armor: Scale mail        |    67 |    16 ||    83
Dodge: Dodged            |    16 |     7 ||    23
Block: Shield            |    37 |    11 ||    48
